 Dungeon Crawl Stone Soup version 0.30-a0-395-gfe72c296f8 (webtiles) character file.

Game seed: 1824958317328043165

20 Ijustatesigmund the Trooper (level 3, 30/30 HPs)
             Began as a Djinni Cinder Acolyte on Dec 7, 2022.
             Was a High Priest of Ignis.
             Quit the game on level 2 of the Dungeon.
             The game lasted 00:02:07 (610 turns).

Ijustatesigmund the Trooper (Djinni Cinder Acolyte)  Turns: 610, Time: 00:02:08

Health: 30/30      AC:  2    Str: 13    XL:     3   Next: 0%
Gold:   32         EV: 11    Int: 17    God:    Ignis [*****.] SH:  0 Dex:  8

rFire   + + +      SeeInvis .    a - -1 falchion (flame)
rCold   x . .      Faith    .    (no shield)
rNeg    . . .      Spirit   .    b - +0 robe
rPois   ∞          Reflect  .    (no helmet)
rElec   .          Harm     .    (no cloak)
rCorr   .          Rampage  .    (no gloves)
Will    .....                    (boots unavailable)
Stlth   +.........               (no amulet)
HPRegen 0.25/turn                (no ring)
MPRegen 0.00/turn                (no ring)

@: flying
A: sickness immunity, fire resistance 2, cold vulnerability 1, float, innate
caster, HP casting, extra vitality 1
a: Renounce Religion, Fiery Armour, Foxfire Swarm, Rising Flame


You were on level 2 of the Dungeon.
You worshipped Ignis.
Ignis was extremely pleased with you.
You visited 1 branch of the dungeon, and saw 2 of its levels.

You collected 32 gold pieces.

Inventory:

Hand Weapons
 a - a -1 falchion of flaming (weapon)
Armour
 b - a +0 robe (worn)
Scrolls
 d - a scroll of identify {unknown}
 e - a scroll of magic mapping {unknown}
 g - 2 scrolls of teleportation {unknown}
 h - a scroll of enchant armour {unknown}
Potions
 c - 2 potions of degeneration {unknown}
 f - a potion of heal wounds {unknown}


   Skills:
 + Level 3.3 Fighting
 + Level 3.0 Long Blades
 + Level 2.6 Spellcasting


You had 4 spell levels left.
You knew the following spells:

 Your Spells              Type           Power      Damage    Failure   Level
a - Scorch                Fire           22%        2d6       9%          2
b - Foxfire               Conj/Fire      44%        2x1d6     6%          1
Your spell library was empty.

Dungeon Overview and Level Annotations

Branches:
Dungeon (1/15)

Altars:
Uskayaw


Innate Abilities, Weirdness & Mutations

You are immune to sickness and miasma.
You are immune to poison.
Your flesh is very heat resistant. (rF++)
You are vulnerable to cold. (rC-)
You float through the air rather than walking.
You learn spells naturally, not from books.
Your magical power is your life essence.
You have superior vitality. (+4 MHP)


Message History

Confirm with . or Enter, or press ? or * to list all spells.
Flames lash the hobgoblin but do no damage.
The hobgoblin hits you.
Casting: Scorch (safe; 11% risk of failure)
Confirm with . or Enter, or press ? or * to list all spells.
Flames lash the hobgoblin.
You kill the hobgoblin!
You hear an angry hiss.
A frilled lizard comes into view.
Casting: Scorch (safe; 11% risk of failure)
Confirm with . or Enter, or press ? or * to list all spells.
Flames lash the frilled lizard.
You kill the frilled lizard!
Found a stone staircase leading down.
g - 2 scrolls labelled PEENKU SELABAA (gained 1)
A dart slug comes into view.
Casting: Scorch (safe; 11% risk of failure)
Confirm with . or Enter, or press ? or * to list all spells.
Flames lash the dart slug.
The dart slug is heavily wounded.
The dart slug's fire resistance burns away.
The dart slug launches a dart at you. The slug dart hits you.
Casting: Scorch (safe; 11% risk of failure)
Confirm with . or Enter, or press ? or * to list all spells.
Flames lash the dart slug.
The dart slug is burned terribly!
You kill the dart slug!
You have reached level 3!
Your experience leads to an increase in your attributes!
Increase (S)trength, (I)ntelligence, or (D)exterity?
You feel clever. x2
The power to cast Foxfire wells up from within.
Spell assigned to 'b'.
Saving game... please wait.
Welcome back, Ijustatesigmund the Djinni Cinder Acolyte.
The flames of Ignis gently warm you.
Press ? for a list of commands and other information.
HP restored.
h - a scroll labelled LUGEOMMAWUS Are you sure you want to abandon this character and quit the game? (Confirm with "yes".)

................>#
####.##.#######..#
.................#
.....##.######...#
......#.# #...#
####†.#.# #...#
#..#.# #...#
#..#.# #...#######
##.#.# #..@......#
.#.# #.#.#####.#
.. .....# .#
###.#.# #.#.#
#.#.# #.# ...


There were no monsters in sight!

Vanquished Creatures
  A worm (D:2)
  A dart slug (D:2)
  A bat (D:1)
  2 endoplasms (D:1)
  2 giant cockroaches
  2 hobgoblins (D:2)
  A quokka (D:1)
  A frilled lizard (D:2)
  3 rats (D:1)
14 creatures vanquished.

Notes
Turn   | Place    | Note
-------+----------+-------------------------------------------
     0 | D:1      | Ijustatesigmund the Djinni Cinder Acolyte began the quest
                  | for the Orb.
     0 | D:1      | Ijustatesigmund set off with the following spells
                  | memorised: Scorch.
     0 | D:1      | Reached XP level 1. HP: 20/20 MP: 0/0
   241 | D:1      | Reached XP level 2. HP: 16/25 MP: 0/0
   326 | D:1      | You are sucked into a shaft and drop 1 floor!
   396 | D:2      | Found a hide-covered altar of Uskayaw.
   565 | D:2      | Reached XP level 3. HP: 19/30 MP: 0/0
   565 | D:2      | Learned a level 1 spell: Foxfire
   610 | D:2      | Quit the game

Illustrated notes

Levels and vault maps discovered:
D:1:      psy_arrival_terrarium, layout_loops_ring, nrook_uturn,
          minmay_tromino_v4_c
D:2:      layout_basic, basic_altar, chequers_serial_rivers_room_b

Skill      XL: |  1  2 |
---------------+-------+-----
Long Blades    | 3 |  3.0
Fighting       | |  3.3
Spellcasting   | |  2.6

Action                   || total
-------------------------++-------
Melee: Falchion          ||    21
 Cast: Scorch            ||    10
Armor: Robe              ||     1
Dodge: Dodged            ||     9

Table legend: (Time is in decaauts)
 A = Elapsed time spent in this place.
 B = Non-inter-level travel time spent in this place.
 C = Inter-level travel time spent in this place.
 D = Time resting spent in this place.
 E = Time spent auto-exploring this place.
 F = Levels seen in this place.
 G = Mean time per level.
                   A        B        C        D        E       F      G
               +--------+--------+--------+--------+--------+-----+--------+
         Total |    613 |    613 |      0 |    100 |    425 |   2 |  306.5 |
       Dungeon |    613 |    613 |      0 |    100 |    425 |   2 |  306.5 |
               +--------+--------+--------+--------+--------+-----+--------+

Top non-repeatable levels by time:
     D:1: 329 daAuts
     D:2: 283 daAuts
